 Dungeon Crawl Stone Soup version 0.30.1-4-g462c640d31 (webtiles) character file.

Game seed: 16504497993913009153

754 Peloso the Slasher (level 7, 0/91 HPs)
             Began as a Minotaur Fighter on Sept 13, 2023.
             Slain by a gnoll
             ... wielding a +0 spear
             ... led by a gnoll bouda
              (3 damage)
             ... on level 5 of the Dungeon.
             The game lasted 00:08:10 (3409 turns).

Peloso the Slasher (Minotaur Fighter)               Turns: 3409, Time: 00:08:10

Health: 0/91       AC:  9    Str: 20    XL:     7   Next: 49%
Magic:  6/6        EV: 10    Int:  5    God:
Gold:   211        SH:  5    Dex: 12    Spells: 6/6 levels left

rFire   . . .        a - +0 long sword
rCold   . . .        d - +0 buckler
rNeg    + . .        p - +0 scale mail
rPois   .            (helmet restricted)
rElec   .            k - +1 cloak {Stlth+}
rCorr   .            (no gloves)
SInv    .            (no boots)
Will    .....        (no amulet) Stlth
                     h - ring of positive energy
HPRegen 0.35/turn    (no ring)
MPRegen 0.10/turn

%: no passive effects
@: berserking (expiring), very quick
A: horns 2, retaliatory headbutt
a: no special abilities


You were on level 5 of the Dungeon.
You visited 1 branch of the dungeon, and saw 5 of its levels.

You collected 211 gold pieces.

Inventory:

Hand Weapons
 a - a +0 long sword (weapon)
 b - a +0 dagger of flaming
Armour
 c - a +0 buckler
 d - a +0 buckler (worn)
 k - a +1 cloak of stealth (worn)
 p - a +0 scale mail (worn)
Jewellery
 h - a ring of positive energy (left hand)
Wands
 m - a wand of digging (6)
 o - a wand of light (2)
Scrolls
 e - 2 scrolls of silence {unknown}
 g - 2 scrolls of enchant armour {unknown}
 i - 2 scrolls of identify
 j - a scroll of magic mapping {unknown}
 l - 2 scrolls of teleportation {unknown}
 r - a scroll of immolation {unknown}
 s - a scroll of amnesia {unknown}
 t - a scroll of vulnerability {unknown}
 u - a scroll of enchant weapon {unknown}
Potions
 f - a potion of might


   Skills:
 + Level 5.4 Fighting
 + Level 6.2 Long Blades
 + Level 6.1 Armour
 + Level 2.6 Dodging
 + Level 0.6 Stealth
 + Level 5.0 Shields


You had 6 spell levels left.
You didn't know any spells.
Your spell library contained the following spells:

 Spells                   Type           Power      Damage    Failure   Level
 Summon Small Mammal      Summ           0%         N/A       86%         1
 Call Canine Familiar     Summ           0%         N/A       99%         3
 Summon Guardian Golem    Hex/Summ       0%         N/A       99%         3
 Vhi's Electric Charge    Tloc/Air       0%         N/A       99%         3
 Arcjolt                  Conj/Air       0%         1d10      100%        5
 Plasma Beam              Fire/Air       0%         2x1d11    100%        6


Dungeon Overview and Level Annotations

Branches:
Dungeon (5/15)
 Temple: D:4-7

Altars:
Dithmenos
Hepliaklqana
Nemelex Xobeh

Shops:
D:4 **[   D:5 *


Innate Abilities, Weirdness & Mutations

You have a pair of horns on your head.
You reflexively headbutt those who attack you in melee.


Message History

The gnoll picks up the pace!
The gnoll hits you from afar with a +0 halberd!
* * * LOW HITPOINT WARNING * * *
The gnoll barely misses you.
A red film seems to cover your vision as you go berserk!
You feel yourself moving faster!
You feel mighty!
The gnoll hits you from afar with a +0 halberd!
* * * LOW HITPOINT WARNING * * *
You closely miss the gnoll.
The gnoll is heavily wounded.
Your attacks no longer feel as feeble.
The gnoll barely misses you.
You slash the gnoll bouda! Your headbutt misses the gnoll bouda.
The gnoll bouda is severely wounded.
The gnoll hits you from afar with a +0 spear!
* * * LOW HITPOINT WARNING * * *
You slash the gnoll bouda!
You kill the gnoll bouda!
The gnoll hits you from afar with a +0 halberd.
* * * LOW HITPOINT WARNING * * *
Your Armour skill increases to level 6!
The gnoll is no longer moving quickly.
The gnoll closely misses you. x2
The gnoll barely misses you.
Items here: ) [ ††.
You slash the gnoll!
You kill the gnoll!
The gnoll hits you but does no damage.
You hit the gnoll.
The gnoll is heavily wounded.
The gnoll hits you from afar with a +0 spear!
* * * LOW HITPOINT WARNING * * *
The gnoll barely misses you. You furiously retaliate!
You headbutt the gnoll!
You kill the gnoll!
The gnoll barely misses you. You block the gnoll's attack.
Things that are here:
a +0 flail; a +0 halberd You hit the gnoll.
The gnoll is severely wounded.
The gnoll hits you with a +0 spear.
You die...

#.##...∩...#
##..........
#....#...#.#
#..........
#.....#.#..#
##.........
##.........#
##........
#.#...#####
##........ #..#..
#).#..##.. #..###
##.##### # #.
###)## # ####.@g#
#.# ####....g.#
#...#......##.#
##......######..#
#........# #..#
#....)...g# ##.#
.......ggg.# .#
............# ..
.............#


You could see 2 gnolls.

Vanquished Creatures
  A black bear (D:5)
  A phantom (D:5)
  A bullfrog (D:5)
  A hound (D:5)
  2 gnoll boudas
  3 iguanas (D:5)
  Ijyb (D:3)
  An orc wizard (D:2)
  14 gnolls
  8 adders
  A worm (D:2)
  3 dart slugs
  5 orcs
  8 endoplasms
  A giant cockroach (D:4)
  8 goblins
  7 hobgoblins
  4 quokkas
  6 ball pythons
  7 bats
  6 frilled lizards
  9 kobolds
  6 rats
104 creatures vanquished.

Notes
Turn   | Place    | Note
-------+----------+-------------------------------------------
     0 | D:1      | Peloso the Minotaur Fighter began the quest for the Orb.
     0 | D:1      | Reached XP level 1. HP: 19/19 MP: 0/0
   110 | D:1      | Reached XP level 2. HP: 27/27 MP: 1/1
   779 | D:2      | Reached XP level 3. HP: 33/33 MP: 2/2
  1002 | D:2      | Reached XP level 4. HP: 40/40 MP: 3/3
  1232 | D:2      | Reached skill level 1 in Dodging
  1772 | D:3      | Reached XP level 5. HP: 46/46 MP: 4/4
  1837 | D:3      | Noticed Ijyb
  1847 | D:3      | Killed Ijyb
  1997 | D:4      | Found Kasoac's General Store.
  1998 | D:4      | Found Cecwoyvu's Specific Store.
  2083 | D:4      | Found Jevyelan's Armour Shoppe.
  2311 | D:4      | Reached skill level 5 in Fighting
  2513 | D:4      | Found a sparkling altar of Nemelex Xobeh.
  2572 | D:5      | Entered Level 5 of the Dungeon
  2578 | D:5      | Noticed a shadow
  2579 | D:5      | Found a shadowy altar of Dithmenos.
  2610 | D:5      | Noticed a phantom
  2623 | D:5      | Killed a phantom
  2624 | D:5      | Reached XP level 6. HP: 50/56 MP: 5/5
  2761 | D:4      | Reached skill level 5 in Armour
  3006 | D:5      | Reached skill level 5 in Long Blades
  3014 | D:5      | Reached XP level 7. HP: 44/61 MP: 6/6
  3238 | D:5      | Found a hazy altar of Hepliaklqana.
  3241 | D:5      | Found Puawnys's Overcharged Wands.
  3398 | D:5      | Reached skill level 5 in Shields
  3407 | D:5      | HP: 2/91 [gnoll/+0 spear[a gnoll bouda] (7)]
  3409 | D:5      | Slain by a gnoll

Illustrated notes

Levels and vault maps discovered:
D:1:      lightli_arrival_windingriver, layout_loops_ring, lemuel_flame_loot_1
D:2:      layout_rooms
D:3:      layout_loops_ring, uniq_ijyb
D:4:      layout_cave_pools, kennysheep_mini_moat, serial_shops,
          nicolae_shop_crystal, nicolae_specific_store
D:5:      layout_cave_pods, riverfiend_overflow_shadow_ancestor,
          nicolae_shop_overcharged_wands

Skill      XL: |  1  2  3  4  5  6  7 |
---------------+----------------------+-----
Shields        | 4 5 |  5.0
Armour         | 4 5 6 |  6.1
Fighting       | 4 5 |  5.4
Long Blades    | 3 4 5 6 |  6.2
Dodging        | 1 2 |  2.6
Stealth        | |  0.6

Action                     |  1- 3 |  4- 6 |  7- 9 || total
---------------------------+-------+-------+-------++-------
  Melee: Long sword        |    72 |   166 |    43 ||   281
         Headbutt          |     7 |    34 |    10 ||    51
    Use: Scroll            |       |     4 |       ||     4
         Potion            |       |       |     2 ||     2
 Armour: Scale mail        |    45 |    77 |    21 ||   143
  Dodge: Dodged            |    29 |   105 |    35 ||   169
  Block: Buckler           |    14 |    45 |    13 ||    72
